[Event "Titled Tuesday Blitz August 15 Early 2023"]
[White "Lopez Gracia, Fernando"]
[Black "Budrewicz, Krzysztof"]
[WhiteFideId "2207184"]
[BlackFideId "1127950"]
[WhiteElo "2350"]
[BlackElo "2560"]
[Result "0-1"]
[Round "11"]
[TimeControl "180+1"]
[Date "2023.08.15"]
[WhiteClock "0:00:08"]
[BlackClock "0:01:39"]
[Board "108"]

1. e4 d5 2. d3 dxe4 3. dxe4 Qxd1+ 4. Kxd1 Nf6 5. Nc3 e5 6. f3 Bb4 7. Be3 O-O 8. Ke1 Nc6 9. Bc4 Nd4 10. Rc1 Be6 11. Bxe6 fxe6 12. Ne2 c5 13. a3 Ba5 14. h3 Nh5 15. Kf2 Nf4 16. Nxf4 exf4 17. Bxd4 cxd4 18. Ne2 Bd2 19. Rcd1 Be3+ 20. Kf1 Rfd8 21. g3 e5 22. Kg2 Rac8 23. c3 d3 24. Nc1 d2 25. Ne2 b5 26. b4 Rd3 27. h4 Kf7 28. gxf4 exf4 29. Kh3 h5 30. Rh2 g6 31. Rg2 Rdxc3 32. Nxc3 Rxc3 33. Re2 Rxa3 34. Kg2 Rb3 35. Rdxd2 Bxd2 36. Rxd2 Rxb4 37. Rd7+ Ke6 38. Rxa7 Ke5 39. Ra6 Kd4 40. Rxg6 Ke3 41. Rg5 Rb2+ 42. Kh3 Kxf3 43. e5 Rb1 44. Kh2 Rb2+ 45. Kh3 Re2 46. Rxh5 b4 47. e6 b3 48. Rb5 b2 49. e7 Re1 50. Rb3+ Re3 51. Rxe3+ fxe3 52. e8=Q b1=Q 53. Qh5+ Kf2 54. Qf7+ Ke1 55. h5 e2 56. h6 Qd3+ 57. Kg2 Kd1 58. h7 e1=Q 59. h8=Q Qdg3# 0-1


[Site "https://www.chess.com"]

[Event "Titled Tuesday Blitz August 15 Early 2023"]
[White "Bilan, Danila"]
[Black "Okike, David"]
[WhiteFideId "24161918"]
[BlackFideId "8500134"]
[WhiteElo "2557"]
[BlackElo "2343"]
[Result "1-0"]
[Round "11"]
[TimeControl "180+1"]
[Date "2023.08.15"]
[WhiteClock "0:00:04"]
[BlackClock "0:00:27"]
[Board "109"]

1. d4 Nf6 2. Nf3 e6 3. g3 b5 4. Bg2 Bb7 5. O-O Be7 6. a4 b4 7. c4 bxc3 8. bxc3 d5 9. Na3 O-O 10. Bf4 c5 11. Ne5 Nbd7 12. Rb1 Qc8 13. Nac4 Ba6 14. Na5 Nxe5 15. Bxe5 Nd7 16. Bf4 Nb6 17. Re1 f5 18. Be5 Qd7 19. dxc5 Bxc5 20. Nb3 Nxa4 21. Nxc5 Nxc5 22. Bd4 Rac8 23. Ra1 Bc4 24. Ra5 Qe7 25. Qa1 Rc7 26. Qa3 Rfc8 27. e3 a6 28. Be5 Rd7 29. Rb1 Nd3 30. Qxe7 Rxe7 31. Bd4 e5 32. Bb6 Rd7 33. Raa1 Kf7 34. Ba5 Rc6 35. h4 Ke6 36. Rb8 g6 37. Rab1 Nc5 38. Re8+ Kf7 39. Rbb8 Ne6 40. Rh8 Kg7 41. Bb4 g5 42. Rbg8+ Kh6 43. hxg5+ Nxg5 44. Bf8+ Kh5 45. f4 exf4 46. exf4 d4 47. Rxg5# 1-0


[Site "https://www.chess.com"]

[Event "Titled Tuesday Blitz August 15 Early 2023"]
[White "Jahnz, Fabian"]
[Black "D`Arruda, Ricardo D."]
[WhiteFideId "4653300"]
[BlackFideId "100692"]
[WhiteElo "2342"]
[BlackElo "2524"]
[Result "0-1"]
[Round "11"]
[TimeControl "180+1"]
[Date "2023.08.15"]
[WhiteClock "0:01:00"]
[BlackClock "0:01:46"]
[Board "110"]

1. e4 c5 2. Nf3 Nc6 3. d4 cxd4 4. Nxd4 e5 5. Nxc6 bxc6 6. c4 Nf6 7. Nc3 Bb4 8. Bd3 Bxc3+ 9. bxc3 d6 10. O-O O-O 11. h3 Qe7 12. Bg5 h6 13. Bh4 g5 14. Bg3 c5 15. Rb1 Be6 16. Qb3 Qc7 17. Qb7 Rfc8 18. Qxc7 Rxc7 19. Rb2 Nd7 20. Rfb1 Nb6 21. f3 Bxc4 22. Bxc4 Nxc4 23. Rb8+ Rxb8 24. Rxb8+ Kg7 25. Rd8 Rc6 26. Rd7 Ra6 27. h4 Kf6 28. h5 Ke6 29. Rd8 Kf6 30. Rh8 Kg7 31. Rd8 Nd2 32. Rd7 Nb1 33. c4 Nd2 34. Kf2 Nxc4 35. Kf1 Rxa2 36. Kg1 a5 37. Bf2 a4 38. Ra7 a3 39. g3 Rb2 40. f4 a2 41. Kg2 Nd2 42. fxg5 Nxe4 43. gxh6+ Kxh6 44. Kf3 Nxf2 0-1


[Site "https://www.chess.com"]

[Event "Titled Tuesday Blitz August 15 Early 2023"]
[White "Arutla, Aditya"]
[Black "Nithyalakshmi, Sivanesan"]
[WhiteFideId "30961998"]
[BlackFideId "5706955"]
[WhiteElo "2491"]
[BlackElo "2337"]
[Result "1-0"]
[Round "11"]
[TimeControl "180+1"]
[Date "2023.08.15"]
[WhiteClock "0:00:24"]
[BlackClock "0:00:09"]
[Board "111"]

1. d4 Nf6 2. Bf4 e6 3. e3 d5 4. Nf3 Bd6 5. Ne5 c5 6. c3 O-O 7. Nd2 Nc6 8. Bd3 Qc7 9. Ndf3 h6 10. h4 Nd7 11. Nxc6 bxc6 12. Qd2 cxd4 13. Bxd6 Qxd6 14. cxd4 c5 15. O-O e5 16. dxe5 Nxe5 17. Nxe5 Qxe5 18. Rac1 c4 19. Be2 Rb8 20. Rc3 Be6 21. Rd1 Rb6 22. Bf3 Rfb8 23. Bxd5 Rxb2 24. Qd4 Qf5 25. e4 Qg4 26. Bxe6 Qxe6 27. Qxc4 Qxc4 28. Rxc4 Rxa2 29. Rc7 Rbb2 30. Rd8+ Kh7 31. Rxf7 Rb1+ 32. Kh2 Rb6 33. Rdd7 Rg6 34. Rxa7 Rxa7 35. Rxa7 Rg4 36. f3 Rxh4+ 37. Kg3 Rh5 38. Kf4 Rg5 39. g4 Rb5 40. e5 Kg6 41. Ra6+ Kf7 42. Kf5 Rb7 43. Rd6 Rb5 44. f4 Rb7 45. e6+ Ke7 46. Rd7+ Rxd7 47. exd7 Kxd7 48. Kg6 Ke6 49. Kxg7 h5 50. gxh5 Kf5 51. h6 Kxf4 52. h7 1-0


[Site "https://www.chess.com"]

[Event "Titled Tuesday Blitz August 15 Early 2023"]
[White "Seletsky, Grigory"]
[Black "UgarteCesar"]
[WhiteFideId "14112191"]
[WhiteElo "2484"]
[BlackElo "2336"]
[Result "1-0"]
[Round "11"]
[TimeControl "180+1"]
[Date "2023.08.15"]
[WhiteClock "0:02:15"]
[BlackClock "0:01:30"]
[Board "112"]

1. e4 c5 2. Nc3 Nc6 3. d3 g6 4. Be3 b6 5. d4 cxd4 6. Bxd4 Nxd4 7. Qxd4 f6 8. O-O-O Nh6 9. Bc4 Bb7 10. f4 Bg7 11. Nf3 Rc8 12. h3 e6 13. Nb5 Nf7 14. f5 gxf5 15. exf5 a6 16. Nc3 Qc7 17. fxe6 Qxc4 18. Qxd7+ 1-0


[Site "https://www.chess.com"]

[Event "Titled Tuesday Blitz August 15 Early 2023"]
[White "Bach Ngoc Thuy Duong"]
[Black "Li, Hui"]
[WhiteFideId "12408956"]
[BlackFideId "15400310"]
[WhiteElo "2469"]
[BlackElo "2330"]
[Result "0-1"]
[Round "11"]
[TimeControl "180+1"]
[Date "2023.08.15"]
[WhiteClock "0:00:02"]
[BlackClock "0:00:02"]
[Board "113"]

1. d4 d5 2. c4 e6 3. Nc3 Nf6 4. cxd5 exd5 5. Bg5 c6 6. Qc2 Be7 7. e3 Nbd7 8. Bd3 O-O 9. Nf3 Re8 10. O-O Nf8 11. Rab1 a5 12. a3 Bd6 13. b4 axb4 14. axb4 Ng6 15. b5 h6 16. Bxf6 Qxf6 17. bxc6 bxc6 18. Bxg6 fxg6 19. Rb6 Bg4 20. Nd2 Rab8 21. Rxb8 Rxb8 22. h3 Bf5 23. Qa4 Rb4 24. Qa8+ Rb8 25. Qa6 Rb2 26. Nf3 Kh7 27. Nd1 Rb8 28. Kh1 Be4 29. Nd2 Bc7 30. Nxe4 dxe4 31. Nc3 Qd6 32. g3 Qe6 33. Kg2 Qf5 34. Qxc6 Qf3+ 35. Kh2 Bxg3+ 36. fxg3 Qxf1 37. Qxe4 Qf2+ 38. Qg2 Qxe3 39. Nd5 Qxd4 0-1


[Site "https://www.chess.com"]

[Event "Titled Tuesday Blitz August 15 Early 2023"]
[White "Baches Garcia, Guillermo"]
[Black "Martinez, Shawn"]
[WhiteFideId "2209764"]
[BlackFideId "2039770"]
[WhiteElo "2463"]
[BlackElo "2327"]
[Result "1-0"]
[Round "11"]
[TimeControl "180+1"]
[Date "2023.08.15"]
[WhiteClock "0:00:32"]
[BlackClock "0:00:03"]
[Board "114"]

1. d4 g6 2. Nf3 Bg7 3. Bg5 h6 4. Bh4 b6 5. c3 Bb7 6. Nbd2 d6 7. e4 a6 8. Bd3 Nd7 9. a4 g5 10. Bg3 e6 11. O-O Ne7 12. Re1 O-O 13. Qc2 c5 14. Bxd6 cxd4 15. cxd4 Rc8 16. Qb3 Re8 17. h3 Nc6 18. e5 Na5 19. Qa3 Bf8 20. Ne4 Bxe4 21. Rxe4 Nc4 22. Bxc4 Rxc4 23. Qd3 Qc8 24. Bxf8 Nxf8 25. Rg4 Ng6 26. h4 Rc1+ 27. Rxc1 Qxc1+ 28. Kh2 Qxb2 29. Qe3 b5 30. axb5 axb5 31. h5 b4 32. hxg6 fxg6 33. Nxg5 h5 34. Rg3 Kg7 35. Rf3 Re7 36. Qf4 Ra7 37. Qf8# 1-0


[Site "https://www.chess.com"]

[Event "Titled Tuesday Blitz August 15 Early 2023"]
[White "Yashmetov, Mikhail"]
[Black "Pumpkin_in_moonlight"]
[WhiteFideId "24198900"]
[WhiteElo "2459"]
[BlackElo "2323"]
[Result "1-0"]
[Round "11"]
[TimeControl "180+1"]
[Date "2023.08.15"]
[WhiteClock "0:00:05"]
[BlackClock "0:00:00"]
[Board "115"]

1. d4 Nf6 2. c4 g6 3. g3 Bg7 4. Bg2 O-O 5. Nf3 d5 6. cxd5 Nxd5 7. O-O Nc6 8. e4 Nb6 9. d5 Ne5 10. Nxe5 Bxe5 11. Bh6 Re8 12. Nc3 c6 13. f4 Bh8 14. dxc6 bxc6 15. e5 Nc4 16. Qxd8 Rxd8 17. Bxc6 Rb8 18. b3 Ne3 19. Rfe1 Nf5 20. Bg5 f6 21. exf6 exf6 22. Bh4 Nxh4 23. gxh4 f5 24. Rac1 Ba6 25. Nd5 Bd4+ 26. Kg2 Bb7 27. Ne7+ Kf8 28. Bf3 Bxf3+ 29. Kxf3 Bf6 30. Nc6 Bxh4 31. Nxd8 Rxd8 32. Re3 Rd2 33. Re2 Rd3+ 34. Kg2 g5 35. fxg5 Bxg5 36. Rc5 Kg7 37. Rxf5 Kg6 38. Rf3 Rd1 39. Rg3 Kh5 40. Re5 h6 41. Re2 Kh4 42. Rh3+ Kg4 43. Rg3+ Kh4 44. Re4+ Kh5 45. Rf3 Rd2+ 46. Rf2 Rd3 47. Ree2 Rd5 48. Rc2 Rd4 49. Rc4 Rd5 50. Re2 Rf5 51. Rce4 Rd5 52. Re5 Rd3 53. Re6 Kh4 54. R2e4+ Kh5 55. Re2 Kh4 56. h3 Rg3+ 57. Kf2 Rxh3 58. R6e4+ Kh5 59. Ra4 Rh2+ 60. Kf1 Rh1+ 61. Kg2 Rd1 62. Rxa7 Kg4 63. Ra4+ Kf5 64. Rf2+ Kg6 65. Ra6+ Kh5 66. Rf3 Rd2+ 67. Rf2 Rd3 68. a4 Rxb3 69. a5 Ra3 70. Re2 Kg4 71. Re4+ Kf5 72. Re2 h5 73. Rb2 h4 74. Rb5+ Kf4 75. Rb4+ Kf5 76. Rb5+ Kf4 77. Rb2 1-0


[Site "https://www.chess.com"]

[Event "Titled Tuesday Blitz August 15 Early 2023"]
[White "Tomaszewski, Kacper"]
[Black "Samaganova, Aleksandra"]
[WhiteFideId "1127373"]
[BlackFideId "13800221"]
[WhiteElo "2453"]
[BlackElo "2322"]
[Result "0-1"]
[Round "11"]
[TimeControl "180+1"]
[Date "2023.08.15"]
[WhiteClock "0:00:06"]
[BlackClock "0:00:08"]
[Board "116"]

1. e4 c5 2. Nf3 e6 3. c3 Nf6 4. e5 Nd5 5. a3 Nc6 6. d4 cxd4 7. cxd4 d6 8. Bg5 Qb6 9. Qd2 h6 10. Bh4 Na5 11. Qc2 Nb3 12. Ra2 Nxd4 13. Qa4+ Nc6 14. Bb5 Bd7 15. O-O Nxe5 16. Bxd7+ Nxd7 17. Nc3 Nf6 18. Re1 Qc6 19. Qb3 Nc5 20. Qc2 Be7 21. b4 Ncd7 22. Nd4 Qc8 23. Nxe6 fxe6 24. Qg6+ Kf8 25. Rae2 Ne5 26. Qg3 g5 27. f4 gxh4 28. Qh3 Nfg4 29. fxe5 Nxe5 30. Ne4 Rg8 31. Rf1+ Ke8 32. Nf6+ Bxf6 33. Rxf6 Ke7 34. Ref2 Rg7 35. Qxh4 Qc1+ 36. Rf1 Qe3+ 37. Kh1 Qg5 38. Qh3 Qg4 39. Rxh6 Qxh3 40. Rxh3 Rag8 41. g3 Rf7 42. Rc1 Rgf8 43. Rc7+ Nd7 44. Rh6 Rf1+ 45. Kg2 R1f2+ 46. Kh3 R2f6 47. Rh7+ R8f7 48. Rh8 e5 49. Rxb7 Ke6 50. Rxa7 e4 51. Re8+ Re7 52. Rxe7+ Kxe7 53. b5 e3 54. Ra4 Re6 55. Rb4 e2 56. Rb1 e1=Q 57. Rxe1 Rxe1 58. g4 Re3+ 59. Kh4 Rxa3 60. g5 Kf7 61. Kh5 Kg7 62. h4 Nb6 63. Kg4 Ra4+ 64. Kh5 Rb4 65. g6 Rxb5+ 66. Kg4 Kxg6 67. h5+ Kh6 0-1


[Site "https://www.chess.com"]

[Event "Titled Tuesday Blitz August 15 Early 2023"]
[White "Preobrazhenska_D2011"]
[Black "Shuvalov, Evgenij"]
[BlackFideId "4187237"]
[WhiteElo "2303"]
[BlackElo "2451"]
[Result "0-1"]
[Round "11"]
[TimeControl "180+1"]
[Date "2023.08.15"]
[WhiteClock "0:00:05"]
[BlackClock "0:00:14"]
[Board "117"]

1. e4 e6 2. d4 d5 3. Nc3 Bb4 4. e5 c5 5. a3 Bxc3+ 6. bxc3 Ne7 7. Qg4 Qc7 8. Bd3 c4 9. Be2 Nf5 10. Nf3 Nc6 11. Qf4 Qa5 12. Bd2 Bd7 13. Ng5 O-O 14. g4 Nfe7 15. h4 f6 16. exf6 Rxf6 17. Qg3 Raf8 18. h5 Rxf2 19. Nh3 R2f7 20. g5 Nf5 21. Qh2 Nh4 22. Ng1 Nf5 23. g6 Rf6 24. gxh7+ Kh8 25. Nf3 Be8 26. Ng5 Ne3 27. Rc1 Rf2 28. Qxf2 Rxf2 29. Kxf2 Nf5 30. Nxe6 Ncxd4 31. Nxd4 Nxd4 32. h6 g5 33. Rhg1 Nxe2 34. Kxe2 Bh5+ 35. Kf2 Qb6+ 36. Be3 Qf6+ 37. Ke1 Qxc3+ 38. Kf2 Qf6+ 39. Ke1 d4 40. Bf2 Qe5+ 41. Kf1 Be2+ 42. Kg2 Qe4+ 43. Kh2 Qf4+ 44. Bg3 Qd2 45. Bf2 Bf3 46. Rgf1 Kxh7 47. Kg3 Qf4+ 48. Kh3 Qg4+ 49. Kh2 Qg2# 0-1


[Site "https://www.chess.com"]

[Event "Titled Tuesday Blitz August 15 Early 2023"]
[White "Barwinska, Ewa"]
[Black "brm72"]
[WhiteFideId "21833761"]
[WhiteElo "2291"]
[BlackElo "2449"]
[Result "0-1"]
[Round "11"]
[TimeControl "180+1"]
[Date "2023.08.15"]
[WhiteClock "0:00:00"]
[BlackClock "0:00:45"]
[Board "118"]

1. e4 c5 2. Nf3 Nc6 3. Bb5 e5 4. O-O Nge7 5. c3 g6 6. d4 exd4 7. cxd4 cxd4 8. Nxd4 Bg7 9. Be3 O-O 10. Nc3 d5 11. exd5 Nb4 12. Bg5 h6 13. Bxe7 Qxe7 14. a3 Bxd4 15. axb4 Be5 16. Re1 Qd6 17. h3 Bf5 18. Qe2 Bf6 19. Qd2 Qxb4 20. Bf1 Kg7 21. d6 Rfd8 22. Rad1 a6 23. Qd5 Rd7 24. Re2 Rad8 25. Red2 Be6 26. Qf3 Rxd6 27. Rxd6 Rxd6 28. Ne4 Rxd1 29. Qxf6+ Kg8 30. Qf3 Qe1 31. Nf6+ Kg7 32. Ne8+ Kf8 33. Qa3+ Kxe8 34. Qa4+ Kf8 35. Qa3+ Kg8 36. Kh2 Qxf1 37. Qe7 Qxf2 38. Qe8+ Kg7 0-1


[Site "https://www.chess.com"]

[Event "Titled Tuesday Blitz August 15 Early 2023"]
[White "favesaul"]
[Black "Martin, Lewis"]
[BlackFideId "410551"]
[WhiteElo "2434"]
[BlackElo "2291"]
[Result "0-1"]
[Round "11"]
[TimeControl "180+1"]
[Date "2023.08.15"]
[WhiteClock "0:00:00"]
[BlackClock "0:00:09"]
[Board "119"]

1. Nf3 Nf6 2. c4 c6 3. Nc3 d5 4. d4 e6 5. Bg5 h6 6. Bh4 dxc4 7. e3 b5 8. a4 g5 9. Bg3 Bb4 10. Qc2 Nbd7 11. h4 g4 12. Ne5 Bb7 13. Be2 h5 14. O-O a6 15. Rfd1 Be7 16. Bf1 Nd5 17. Nxd7 Kxd7 18. b3 cxb3 19. Qxb3 Bxh4 20. Bxh4 Qxh4 21. g3 Qe7 22. Ne4 h4 23. Nc5+ Kc7 24. e4 hxg3 25. fxg3 Nb6 26. a5 Nd7 27. Rac1 Rh5 28. Nxd7 Kxd7 29. d5 exd5 30. exd5 Rxd5 31. Bg2 Rxd1+ 32. Qxd1+ Kc7 33. Qxg4 Rd8 34. Qf4+ Qd6 35. Qxf7+ Rd7 36. Qf2 Rg7 37. Qb6+ Kb8 38. Rxc6 Qd1+ 39. Bf1 Rxg3+ 40. Kf2 Qf3+ 41. Ke1 Qxc6 42. Qd8+ Ka7 43. Qd4+ Ka8 44. Qd8+ Qc8 45. Qd6 Re3+ 46. Kd2 Re6 47. Qd4 Rc6 48. Bd3 Qf8 49. Be4 Rd6 50. Bxb7+ Kxb7 0-1


[Site "https://www.chess.com"]

[Event "Titled Tuesday Blitz August 15 Early 2023"]
[White "Zaichenko, Daria"]
[Black "Rosenberg, Evan S"]
[WhiteFideId "4197453"]
[BlackFideId "2019299"]
[WhiteElo "2240"]
[BlackElo "2433"]
[Result "1-0"]
[Round "11"]
[TimeControl "180+1"]
[Date "2023.08.15"]
[WhiteClock "0:00:49"]
[BlackClock "0:00:30"]
[Board "120"]

1. e4 e5 2. Nf3 Nc6 3. Bc4 Nf6 4. d3 h6 5. c3 d6 6. Bb3 g6 7. Nbd2 Bg7 8. Nf1 O-O 9. Ng3 d5 10. Qe2 a5 11. a4 Re8 12. O-O Bg4 13. h3 Be6 14. Bc2 Qd7 15. Kh2 Rad8 16. Bd2 Re7 17. Rad1 Rde8 18. Bb3 Qd6 19. Bc2 b6 20. d4 Nd7 21. dxe5 Ndxe5 22. Nxe5 Nxe5 23. f4 Nc4 24. e5 Qc6 25. Bc1 b5 26. axb5 Qxb5 27. b3 Bd7 28. bxc4 dxc4 1-0


[Site "https://www.chess.com"]

[Event "Titled Tuesday Blitz August 15 Early 2023"]
[White "KorolDimitriy75"]
[Black "Thiel, Thomas"]
[BlackFideId "4615964"]
[WhiteElo "2418"]
[BlackElo "2240"]
[Result "0-1"]
[Round "11"]
[TimeControl "180+1"]
[Date "2023.08.15"]
[WhiteClock "0:00:00"]
[BlackClock "0:00:26"]
[Board "121"]

1. d4 d5 2. c4 dxc4 3. Nf3 Nf6 4. Nc3 a6 5. e4 b5 6. e5 Nd5 7. a4 Bb7 8. e6 fxe6 9. Ng5 Qc8 10. Qg4 Nxc3 11. bxc3 e5 12. Qxc8+ Bxc8 13. axb5 exd4 14. Bxc4 h6 15. Nf7 Rh7 16. cxd4 g6 17. Ne5 Bb7 18. O-O axb5 19. Bxb5+ c6 20. Rxa8 Bxa8 21. Bd3 Rg7 22. Bxg6+ Kd8 23. Be3 e6 24. Ra1 Bb7 25. f3 Bd6 26. Be4 Bxe5 27. dxe5 Nd7 28. Bxh6 Rg8 29. f4 Kc7 30. Bg5 Nc5 31. Bf3 Nd3 32. Rd1 Nxe5 33. fxe5 Rxg5 34. Re1 c5 35. h4 Rg8 36. Bxb7 Kxb7 37. Kf2 Kc6 38. Kf3 Kd5 0-1


[Site "https://www.chess.com"]

[Event "Titled Tuesday Blitz August 15 Early 2023"]
[White "Rom, Jasper"]
[Black "Sava, Christiansen-Danut-Eugen"]
[WhiteFideId "2023733"]
[BlackFideId "1210114"]
[WhiteElo "2402"]
[BlackElo "2174"]
[Result "1-0"]
[Round "11"]
[TimeControl "180+1"]
[Date "2023.08.15"]
[WhiteClock "0:01:03"]
[BlackClock "0:00:51"]
[Board "122"]

1. e4 e6 2. d4 d5 3. Bd3 c5 4. exd5 exd5 5. Nf3 Nc6 6. O-O c4 7. Be2 Be7 8. b3 cxb3 9. axb3 Nf6 10. c4 O-O 11. Nc3 Re8 12. Be3 Bf8 13. Bg5 dxc4 14. bxc4 h6 15. Be3 Ng4 16. Bf4 Bf5 17. h3 Nf6 18. d5 Nb4 19. Nd4 Bh7 20. Ncb5 a6 21. Nc7 Rc8 22. Nxe8 Qxe8 23. Re1 Qd7 24. Rc1 Bc5 25. Be3 Re8 26. Qb3 Ne4 27. Red1 Nd6 28. Bf3 a5 29. Nf5 Bxe3 30. Nxe3 Nd3 31. Rxd3 a4 32. Qa3 Bxd3 33. Qxd3 b5 34. c5 Nc4 35. Nxc4 bxc4 36. Qxc4 1-0


[Site "https://www.chess.com"]

[Event "Titled Tuesday Blitz August 15 Early 2023"]
[White "Seifert, Henryk"]
[Black "Frayna, Janelle Mae"]
[WhiteFideId "1100963"]
[BlackFideId "5212499"]
[WhiteElo "2118"]
[BlackElo "2393"]
[Result "0-1"]
[Round "11"]
[TimeControl "180+1"]
[Date "2023.08.15"]
[WhiteClock "0:00:00"]
[BlackClock "0:01:50"]
[Board "123"]

1. e4 Nf6 2. Nc3 d5 3. e5 Nfd7 4. d4 e6 5. Nf3 c5 6. dxc5 Nc6 7. Bf4 Bxc5 8. Bd3 f6 9. exf6 Qxf6 10. Bg3 O-O 11. O-O h6 12. a3 Nb6 13. Qe2 Bd7 14. Rae1 Rae8 15. Ne5 Bd4 16. Nxc6 Bxc6 17. Be5 Bxe5 18. Qxe5 Qxe5 19. Rxe5 Nd7 20. Re2 e5 21. Bb5 Nf6 22. Rfe1 e4 23. f3 exf3 24. Rxe8 Rxe8 25. Rxe8+ Nxe8 26. gxf3 Nd6 27. Bd3 d4 28. Ne4 Bxe4 29. Bxe4 Nxe4 30. f4 Kf7 0-1


[Site "https://www.chess.com"]

[Event "Titled Tuesday Blitz August 15 Early 2023"]
[White "Fernandez Garcia, Gumersindo"]
[Black "Nikulina, Alena"]
[WhiteFideId "24516740"]
[BlackFideId "4172051"]
[WhiteElo "2386"]
[BlackElo "2095"]
[Result "1-0"]
[Round "11"]
[TimeControl "180+1"]
[Date "2023.08.15"]
[WhiteClock "0:01:03"]
[BlackClock "0:00:09"]
[Board "124"]

1. e4 c5 2. c3 e6 3. d4 d5 4. exd5 exd5 5. Nf3 Nf6 6. Bb5+ Nc6 7. O-O Bd6 8. dxc5 Bxc5 9. Re1+ Be6 10. Bg5 O-O 11. Nbd2 h6 12. Bh4 g5 13. Bg3 a6 14. Bd3 Re8 15. Nb3 Bd6 16. Nbd4 Bg4 17. Qd2 Bxg3 18. hxg3 Ne4 19. Nxc6 bxc6 20. Bxe4 dxe4 21. Qxd8 Raxd8 22. Nd4 c5 23. Nb3 c4 24. Nd4 Rb8 25. b3 cxb3 26. axb3 Rb6 27. f3 Be6 28. Rxe4 Rc8 29. c4 Kg7 30. f4 Kf6 31. Kf2 g4 32. Ra5 Rd8 33. f5 Bc8 34. Rxg4 Rbd6 35. Ke3 Re8+ 36. Re4 Red8 37. c5 Rd5 38. g4 h5 39. b4 hxg4 40. c6 Rxa5 41. bxa5 Bxf5 42. Rf4 Rd5 43. Rxf5+ Rxf5 44. Nxf5 1-0


[Site "https://www.chess.com"]

[Event "Titled Tuesday Blitz August 15 Early 2023"]
[White "Korpics, Zsolt"]
[Black "Wilson, Otis"]
[WhiteFideId "705241"]
[BlackFideId "30904021"]
[WhiteElo "2373"]
[BlackElo "2011"]
[Result "1-0"]
[Round "11"]
[TimeControl "180+1"]
[Date "2023.08.15"]
[WhiteClock "0:01:56"]
[BlackClock "0:00:00"]
[Board "125"]

1. e4 d6 2. d4 Nf6 3. Nc3 e5 4. Nf3 exd4 5. Nxd4 Be7 6. Bf4 O-O 7. Qd2 Re8 8. O-O-O Bf8 9. f3 Nbd7 10. g4 Ne5 11. Be2 a6 12. h4 c5 13. Nf5 Bxf5 14. gxf5 b5 15. h5 Qa5 16. Kb1 Nc4 17. Bxc4 bxc4 18. Qg2 Rab8 19. Ka1 Rb6 20. Bc1 Reb8 21. Qd2 Qb4 22. a3 Qa5 23. h6 R6b7 24. hxg7 Bxg7 25. Rdg1 Kh8 26. Rxg7 Kxg7 27. Qh6+ Kh8 28. Qxf6+ Kg8 29. Bh6 1-0


[Site "https://www.chess.com"]

[Event "Titled Tuesday Blitz August 15 Early 2023"]
[White "Navyblue1"]
[Black "Jakubowska, Anna"]
[BlackFideId "1121952"]
[WhiteElo "1996"]
[BlackElo "2368"]
[Result "0-1"]
[Round "11"]
[TimeControl "180+1"]
[Date "2023.08.15"]
[WhiteClock "0:00:07"]
[BlackClock "0:00:42"]
[Board "126"]

1. d4 g6 2. c4 Bg7 3. Nc3 d6 4. e4 Nd7 5. h3 e5 6. d5 Ne7 7. Be3 a5 8. g4 h5 9. gxh5 Rxh5 10. Nge2 Nf6 11. Ng3 Rh7 12. Bg2 b6 13. Qe2 Bd7 14. O-O-O Nh5 15. Nxh5 Rxh5 16. Rdf1 Qc8 17. Bd2 Qa6 18. f4 exf4 19. Rxf4 Be5 20. Rff1 f5 21. exf5 Nxf5 22. Qd3 O-O-O 23. Re1 Rdh8 24. Rhg1 Rh4 25. b3 Rd4 26. Qc2 a4 27. Kb1 axb3 28. axb3 Qa5 29. Ne4 Rxd2 30. Qxd2 Qa1+ 31. Kc2 Qb2+ 32. Kd3 Qxb3+ 33. Ke2 Nd4+ 34. Kf2 Rf8+ 35. Bf3 Qxf3# 0-1


[Site "https://www.chess.com"]

[Event "Titled Tuesday Blitz August 15 Early 2023"]
[White "Begunov, Konstantin"]
[Black "Blokhin, Sofia"]
[WhiteFideId "4118510"]
[BlackFideId "4508190"]
[WhiteElo "2403"]
[BlackElo "2286"]
[Result "0-1"]
[Round "11"]
[TimeControl "180+1"]
[Date "2023.08.15"]
[WhiteClock "0:00:00"]
[BlackClock "0:00:10"]
[Board "127"]

1. d4 f5 2. g3 Nf6 3. Bg2 g6 4. Nd2 Bg7 5. e4 fxe4 6. Nxe4 O-O 7. Nxf6+ exf6 8. Ne2 d5 9. O-O c6 10. c4 dxc4 11. b3 cxb3 12. Qxb3+ Kh8 13. Ba3 Re8 14. Nf4 Qxd4 15. Rfe1 Rg8 16. Re4 Qxa1+ 17. Bf1 Bf5 18. Re7 Nd7 19. g4 Ne5 20. gxf5 Bf8 21. Rxe5 gxf5+ 22. Ng2 Qxe5 23. Bb2 Qd5 24. Bxf6+ Bg7 25. Qc3 Qf7 26. Bd4 Bxd4 27. Qxd4+ Qg7 28. Qf4 Rad8 29. Qf3 Rd6 30. h3 Rg6 31. Kh2 Qe5+ 32. Kh1 Rxg2 33. Bxg2 Qe1+ 34. Kh2 Qe5+ 35. Kh1 Qg7 0-1


[Site "https://www.chess.com"]

[Event "Titled Tuesday Blitz August 15 Early 2023"]
[White "Llanos, Guillermo"]
[Black "Kaminski, Victor"]
[WhiteFideId "100358"]
[BlackFideId "1131630"]
[WhiteElo "2399"]
[BlackElo "2276"]
[Result "1-0"]
[Round "11"]
[TimeControl "180+1"]
[Date "2023.08.15"]
[WhiteClock "0:00:20"]
[BlackClock "0:00:00"]
[Board "128"]

1. b3 Nc6 2. Bb2 d5 3. e3 Bf5 4. Nf3 Nf6 5. a3 e6 6. c4 a6 7. d4 Bd6 8. Nbd2 O-O 9. Be2 Ne4 10. O-O h6 11. c5 Be7 12. Nxe4 Bxe4 13. Nd2 Bg6 14. b4 Bf6 15. f4 Ne7 16. Nf3 Nf5 17. Qd2 b6 18. Ne5 Bxe5 19. dxe5 bxc5 20. bxc5 Ne7 21. Bd4 Nc6 22. Ra2 Qd7 23. Rb2 Rfb8 24. Rxb8+ Rxb8 25. Bxa6 Ra8 26. Bb5 Rxa3 27. Qb2 Ra8 28. Ra1 Rxa1+ 29. Qxa1 f5 30. exf6 gxf6 31. Bxf6 Kh7 32. Bh8 Be4 33. Bxc6 Qf7 34. Qf6 Qg8 35. g3 Qxh8 36. Qxh8+ Kxh8 37. Bd7 Bf5 38. Kf2 Kg7 39. Ke2 Kf6 40. Kd2 Be4 41. Kc3 e5 42. Ba4 c6 43. Kd2 d4 44. exd4 exd4 45. Bc2 Bd5 46. Bh7 Bc4 47. Be4 Bb5 48. g4 1-0


[Site "https://www.chess.com"]

[Event "Titled Tuesday Blitz August 15 Early 2023"]
[White "agvania123"]
[Black "Valle Maytin, Luis Enrique"]
[BlackFideId "3503666"]
[WhiteElo "2257"]
[BlackElo "2363"]
[Result "0-1"]
[Round "11"]
[TimeControl "180+1"]
[Date "2023.08.15"]
[WhiteClock "0:00:33"]
[BlackClock "0:00:22"]
[Board "129"]

1. c4 c6 2. Nc3 d5 3. d4 Nf6 4. Nf3 e6 5. cxd5 exd5 6. Bg5 h6 7. Bh4 Be7 8. e3 Bg4 9. Be2 Nbd7 10. O-O O-O 11. Rc1 Ne4 12. Bxe7 Qxe7 13. Nxe4 dxe4 14. Nd2 Bxe2 15. Qxe2 Nb6 16. Nc4 Nd5 17. a3 Kh7 18. Rc2 f5 19. Ne5 a6 20. Rfc1 Rae8 21. Qh5 Rf6 22. g3 g6 23. Qe2 g5 24. b4 Kg7 25. Rc5 Qd6 26. Qb2 f4 27. exf4 gxf4 28. Re1 e3 29. gxf4 exf2+ 30. Qxf2 Nxf4 31. Qg3+ Kh7 32. Ng4 Qxd4+ 33. Kh1 Rxe1+ 34. Qxe1 Re6 35. Re5 Qd5+ 36. Kg1 Qg2# 0-1


[Site "https://www.chess.com"]

[Event "Titled Tuesday Blitz August 15 Early 2023"]
[White "arturdailima"]
[Black "Kula, Robert"]
[BlackFideId "1101218"]
[WhiteElo "2339"]
[BlackElo "2246"]
[Result "0-1"]
[Round "11"]
[TimeControl "180+1"]
[Date "2023.08.15"]
[WhiteClock "0:01:00"]
[BlackClock "0:01:23"]
[Board "130"]

1. e4 e5 2. Nf3 Nc6 3. Bc4 Nf6 4. d3 Be7 5. Nc3 O-O 6. O-O d6 7. h3 Be6 8. a4 Qd7 9. Nd5 Bxd5 10. exd5 Nb4 11. Bg5 Nbxd5 12. d4 e4 13. Nd2 h6 14. Bxd5 Nxd5 15. Bxe7 Qxe7 16. Re1 f5 17. c4 Nf4 18. Qb3 b6 19. Qg3 Qg5 20. Nf1 a5 21. Ra3 Nd3 22. Re2 Rae8 23. h4 Qf6 24. f3 Qxd4+ 25. Kh1 f4 26. Qg6 Nf2+ 27. Kh2 e3 28. g3 Qe5 29. g4 Re6 30. Qc2 Qf6 31. g5 hxg5 32. h5 g4 0-1


[Site "https://www.chess.com"]